 Dungeon Crawl Stone Soup version 0.23-a0-667-gc184e93 (console) character file.

15329 Duffy the Thaumaturge (level 12, 90/90 HPs)
             Began as a Demonspawn Fire Elementalist on Jan 8, 2019.
             Was a High Priest of Sif Muna.
             Quit the game on level 2 of the Lair of Beasts.
             The game lasted 00:28:28 (19022 turns).

Duffy the Thaumaturge (DsFE)                       Turns: 19022, Time: 00:28:29

Health: 90/90      AC:  9    Str:  8    XL:     12   Next: 0%
Magic:  15/26      EV: 14    Int: 27    God:    Sif Muna [*****.]
Gold:   289        SH:  0    Dex: 14    Spells: 12/31 levels left

rFire    + . .     SeeInvis .   U - staff of conjuration (curse) {!a}
rCold    . . .     Gourm    .   (no shield)
rNeg     . . .     Faith    .   j - +2 robe {rF+}
rPois    +         Spirit   +   (helmet restricted)
rElec    .         Reflect  .   E - +0 cloak
rCorr    .         Harm     .   B - +0 pair of gloves
MR       .....                  N - +0 pair of boots
Stlth    ++++......             m - amulet of regeneration
HPRegen  0.65/turn              T - +5 ring of intelligence
MPRegen  0.20/turn              p - ring of poison resistance

@: divine energy
A: antennae 2, rugged brown scales 2, nightstalker 2, magic shield
a: Stop Divine Energy, Channel Magic, Forget Spell, Renounce Religion


You were on level 2 of the Lair of Beasts.
You worshipped Sif Muna.
Sif Muna was extremely pleased with you.
You were not hungry.

You visited 3 branches of the dungeon, and saw 14 of its levels.

You collected 842 gold pieces.
You spent 553 gold pieces at shops.

Inventory:

Hand Weapons
 l - a +0 blowgun
 u - a +2 whip of venom
 w - a +0 trident of venom
 M - a +4 long sword
 W - the +9 mace "Dyrecs" {protect, rC++ Str+3 Stlth-, unknown}
   (You found it on level 2 of the Lair of Beasts)

   It protects the one who uses it against injury (+AC on strike).
   It affects your strength (+3).
   It greatly protects you from cold.
   It makes you less stealthy.
Missiles
 F - 5 exploding tomahawks (quivered)
 G - 22 poisoned needles
 P - 6 throwing nets
Armour
 b - a +2 buckler
 j - a +2 robe of fire resistance (worn)
 B - a +0 pair of gloves (worn)
 D - the +1 ring mail of the Lily {+Fly rPois MR+}
   (You found it on level 7 of the Dungeon)

   It protects you from poison.
   It affects your resistance to hostile enchantments.
   It lets you fly.
 E - a +0 cloak (worn)
 N - a +0 pair of boots (worn)
Magical Staves
 U - a cursed staff of conjuration (weapon) {!a}
Jewellery
 m - an amulet of regeneration (around neck)
 p - a ring of poison resistance (right hand)
 S - an uncursed ring of flight
 T - a +5 ring of intelligence (left hand)
Wands
 g - a wand of iceblast (4)
 r - a wand of paralysis (10)
 s - a wand of disintegration (15)
 x - a wand of acid (8)
 y - a wand of scattershot (6)
 C - a wand of digging (7)
 L - a wand of polymorph (12)
Scrolls
 d - 2 scrolls of amnesia
 h - 8 scrolls of remove curse
 i - 2 scrolls of fog
 n - a scroll of summoning
 q - 2 scrolls of enchant armour
 v - 2 scrolls of enchant weapon {unknown}
 z - 2 scrolls of blinking {unknown}
 A - 2 scrolls of magic mapping {unknown}
 J - 2 scrolls of teleportation
 K - 2 scrolls of fear {unknown}
 Q - 2 scrolls of immolation
Potions
 a - 2 potions of haste
 e - 5 potions of might
 f - 2 potions of heal wounds
 k - 4 potions of curing
 o - a potion of cancellation
 t - a potion of mutation
 H - 2 potions of agility
 I - 2 potions of berserk rage
 O - a potion of lignification
 V - a potion of magic
Comestibles
 c - 20 rations


   Skills:
 - Level 5.1 Fighting
 - Level 4.8 Dodging
 - Level 1.7 Stealth
 - Level 10.2 Spellcasting
 - Level 8.1 Conjurations
 - Level 4.0 Charms
 - Level 4.1 Necromancy
 - Level 7.7 Fire Magic
 + Level 1.9 Earth Magic
 + Level 3.4 Invocations
 - Level 6.0 Evocations


You had 12 spell levels left.
You knew the following spells:

 Your Spells              Type           Power        Failure   Level  Hunger
h - Stone Arrow           Conj/Erth      ######       1%          3    None
j - Sticky Flame          Conj/Fire      ######..     1%          4    None
k - Fireball              Conj/Fire      ######....   4%          5    ####...
l - Conjure Flame         Conj/Fire      ######..     1%          3    None
u - Flame Tongue          Conj/Fire      #####        1%          1    None
y - Regeneration          Chrm/Necr      #####.....   2%          3    None

Your spell library contained the following spells:

 Spells                   Type           Power        Failure   Level  Hunger
 Animate Skeleton         Necr           N/A          1%          1    None
 Pain                     Necr           ####         1%          1    None
 Throw Flame              Conj/Fire      ######       1%          2    None
 Iskenderun's Mystic Bla  Conj           ######..     1%          4    None
 Inner Flame              Hex/Fire       ####....     2%          3    None
 Vampiric Draining        Necr           #####.....   2%          3    None
 Summon Small Mammal      Summ           ##..         4%          1    None
 Call Imp                 Summ           ##......     6%          2    None
 Animate Dead             Necr           N/A          8%          4    None
 Call Canine Familiar     Summ           ##......     13%         3    None
 Summon Guardian Golem    Hex/Summ       ##......     13%         3    None
 Summon Ice Beast         Ice/Summ       ##......     38%         4    None
 Summon Lightning Spire   Summ/Air       ##......     38%         4    None
 Iron Shot                Conj/Erth      ######....   63%         6    #####..
 Spellforged Servitor     Conj/Summ      ######....   100%        7    #######
 Chain Lightning          Conj/Air       ######....   100%        8    #######


Dungeon Overview and Level Annotations

Branches:
Dungeon (11/15)            Temple (1/1) D:7            Lair (2/6) D:11
    Orc (0/2) D:10
  Swamp: Lair:2-4    Shoals: Lair:2-4     Snake: Lair:2-4    Spider: Lair:2-4

Altars:
Ashenzari
Cheibriados
Dithmenos
Elyvilon
Fedhas
Gozag
Hepliaklqana
Kikubaaqudgha
Makhleb
Nemelex Xobeh
Okawaru
Qazlal
Ru
Sif Muna
Trog
Uskayaw
Vehumet
Wu Jian
Xom
Yredelemnul
Zin
The Shining One

Shops:
D:4 }   D:6 *   D:11 }![=

Annotations:
Lair:1 2 runed doors, Voker57's ghost, novice DsGl
Lair:2 Nergalle


Innate Abilities, Weirdness & Mutations

You have a pair of antennae on your head.
You are mostly covered in rugged brown scales. (AC +2, +5% HP)
You are significantly more attuned to the shadows.
When hurt, damage is shared between your health and your magic reserves.


Message History

Casting: Fireball (safe; 4% risk of failure)
Confirm with . or Enter, or press ? or * to list all spells.
Aiming: Fireball (safe; 4% risk of failure)
Press: ? - help, Shift-Dir - straight line, f - yak
Aim: a yak (heavily wounded)
You feel a surge of power!
The fireball explodes!
The fireball engulfs the yak.
The yak is almost dead.
The fireball engulfs the yak.
You kill the yak!
Sif Muna accepts your kill.
You have reached level 12!
Your experience leads to an increase in your attributes!
Your base attributes are Str 8, Int 20, Dex 14.
Increase (S)trength, (I)ntelligence, or (D)exterity?
You feel clever. x2; Your demonic ancestry asserts itself...
You feel your magical essence form a protective shroud around your flesh.
A yak comes into view.
Unknown command.
Unknown command.
Are you sure you want to abandon this character and quit the game? (Confirm

#..Y.#..... #...........
........... #.Y......#####
#P...........## #.@.....#.....
#..............#
#.#.#...#...P....# ##
...###.######...###...#.....##.
.#P.......# #.P.P##...#.#......
#..........##
#....###...#......%
#...........# #....#
##.......P.. ##.........#
##>..####..........
#........#.##
#...P#.#..........


You could see 2 yaks.

Vanquished Creatures
  Harold (Lair:1)
  Pikel (D:7)
  A black mamba (Lair:1)
  3 spiny frogs
  3 centaur skeletons
  3 komodo dragons
  A troll (D:11)
  A hippogriff (D:11)
  A spriggan (Lair:1)
  28 yaks
  A wyvern (D:11)
  3 hungry ghosts
  3 wargs (D:11)
  A water moccasin (D:2)
  4 slaves
  A porcupine (Lair:1)
  An orc warrior (D:8)
  An eye of draining (D:11)
  7 phantoms
  6 necrophages (Lair:2)
  5 ogres
  10 centaurs
  A crocodile (Lair:2)
  A big kobold (D:11)
  9 bullfrogs
  A wyvern zombie (D:9)
  4 scorpions
  A wyvern skeleton (D:6)
  2 troll zombies (D:10)
  A water moccasin skeleton (D:6)
  5 wights (D:9)
  2 howler monkeys
  2 electric eels (Lair:2)
  3 crimson imps
  2 bullfrog zombies
  A centaur zombie (D:7)
  5 hounds
  3 jellies
  13 orc wizards
  A bullfrog skeleton (D:7)
  4 orc priests
  Jessica (D:2)
  2 iguanas
  18 worker ants
  3 ogre zombies (D:10)
  2 hound skeletons
  5 gnolls
  17 adders
  A shadow imp (D:5)
  An adder skeleton (D:4)
  4 worms
  4 dart slugs
  5 leopard geckos
  41 orcs
  4 bats
  5 giant cockroaches
  4 goblins
  7 hobgoblins
  10 jackals
  16 kobolds
  4 quokkas
  3 ball pythons
  7 frilled lizards
  3 goblin zombies (D:10)
  A hobgoblin skeleton (D:10)
  A hobgoblin zombie (D:10)
  2 orc skeletons (D:10)
  9 orc zombies (D:10)
  6 rats
333 creatures vanquished.

Notes
Turn   | Place    | Note
-------+----------+-------------------------------------------
     0 | D:1      | Duffy the Demonspawn Fire Elementalist began the quest for
                  | the Orb.
     0 | D:1      | Reached XP level 1. HP: 13/13 MP: 3/3
   532 | D:1      | Gained mutation: You are partially covered in rugged brown
                  | scales. (AC +1, +3% HP) [demonic ancestry]
   532 | D:1      | Reached XP level 2. HP: 13/19 MP: 3/5
  1622 | D:1      | Gained mutation: You are slightly more attuned to the
                  | shadows. [demonic ancestry]
  1622 | D:1      | Reached XP level 3. HP: 18/24 MP: 0/6
  1702 | D:1      | Learned a level 3 spell: Conjure Flame
  2119 | D:1      | Reached XP level 4. HP: 27/30 MP: 1/7
  2315 | D:2      | Found a blossoming altar of Fedhas.
  2419 | D:2      | Found a faded altar of an unknown god.
  2484 | D:2      | Noticed a water moccasin
  2524 | D:2      | Killed a water moccasin
  2524 | D:2      | Reached skill level 3 in Spellcasting
  2524 | D:2      | Gained mutation: You are significantly more attuned to the
                  | shadows. [demonic ancestry]
  2524 | D:2      | Reached XP level 5. HP: 16/36 MP: 1/9
  3146 | D:2      | Noticed Jessica
  3149 | D:2      | Killed Jessica
  3304 | D:3      | Learned a level 4 spell: Sticky Flame
  3509 | D:3      | Gained mutation: You have a pair of small antennae on your
                  | head. [demonic ancestry]
  3509 | D:3      | Reached XP level 6. HP: 42/42 MP: 9/11
  4850 | D:4      | Found Iciome's Gadget Shoppe.
  4883 | D:4      | Bought a wand of paralysis (7) for 90 gold pieces
  5263 | D:4      | Reached XP level 7. HP: 36/47 MP: 4/12
  5393 | D:4      | Found an ancient bone altar of Kikubaaqudgha.
  5527 | D:5      | Entered Level 5 of the Dungeon
  5546 | D:5      | Found a glowing golden altar of the Shining One.
  5636 | D:5      | Reached skill level 1 in Evocations
  5701 | D:5      | Reached skill level 5 in Conjurations
  5960 | D:5      | Reached skill level 5 in Fire Magic
  6399 | D:5      | Learned a level 5 spell: Fireball
  6568 | D:5      | Found a glowing silver altar of Zin.
  7071 | D:6      | Found Wgawk's Whimsical Warehouse.
  7079 | D:6      | Reached skill level 1 in Fighting
  7079 | D:6      | Reached XP level 8. HP: 48/55 MP: 6/13
  7146 | D:6      | Found a white marble altar of Elyvilon.
  7225 | D:6      | Found a burning altar of Makhleb.
  7579 | D:6      | Found a radiant altar of Vehumet.
  7908 | D:6      | Found a shattered altar of Ashenzari.
  8292 | D:7      | Found a staircase to the Ecumenical Temple.
  8299 | Temple   | Entered the Ecumenical Temple
  8528 | Temple   | Became a worshipper of Sif Muna the Loreminder
  8792 | D:7      | Got an encrusted ring mail
  8888 | D:7      | Reached skill level 5 in Evocations
  9174 | D:7      | Noticed Pikel
  9194 | D:7      | Killed Pikel
  9194 | D:7      | Reached skill level 5 in Fighting
  9194 | D:7      | Reached skill level 4 in Spellcasting
  9194 | D:7      | Gained mutation: You are mostly covered in rugged brown
                  | scales. (AC +2, +5% HP) [demonic ancestry]
  9194 | D:7      | Reached XP level 9. HP: 63/71 MP: 0/15
  9964 | D:8      | Reached skill level 5 in Spellcasting
 10312 | D:8      | Reached * piety under Sif Muna
 10312 | D:8      | Reached skill level 6 in Spellcasting
 10657 | D:8      | Reached skill level 7 in Spellcasting
 10883 | D:8      | Reached XP level 10. HP: 77/77 MP: 13/20
 11518 | D:4      | Bought a wand of acid (8) for 240 gold pieces
 11623 | D:9      | Identified the +1 ring mail of the Lily {+Fly rPois MR+}
                  | (You found it on level 7 of the Dungeon)
 12033 | D:9      | Reached ** piety under Sif Muna
 12043 | D:9      | Found an iron altar of Okawaru.
 12534 | D:9      | Learned a level 3 spell: Regeneration
 12799 | D:9      | Reached skill level 1 in Necromancy
 12954 | D:9      | Found a sparkling altar of Nemelex Xobeh.
 12958 | D:9      | Found an opulent altar of Gozag.
 12960 | D:9      | Found a stormy altar of Qazlal.
 13068 | D:9      | Reached skill level 1 in Charms
 13386 | D:10     | Entered Level 10 of the Dungeon
 13510 | D:10     | Reached skill level 8 in Spellcasting
 13522 | D:10     | Reached *** piety under Sif Muna
 13622 | D:10     | Reached skill level 9 in Spellcasting
 14268 | D:10     | Found a staircase to the Orcish Mines.
 14284 | D:10     | Gained mutation: You have a pair of antennae on your head.
                  | [demonic ancestry]
 14284 | D:10     | Reached XP level 11. HP: 60/82 MP: 11/24
 14694 | D:10     | Reached **** piety under Sif Muna
 15524 | D:11     | Found Ciog's Jewellery Shop.
 15685 | D:11     | Noticed a cyan ugly thing
 15685 | D:11     | Noticed a red ugly thing
 15742 | D:11     | Found Nefedeli's Distillery.
 15780 | D:11     | Bought a potion of cancellation for 104 gold pieces
 15780 | D:11     | Bought a potion of agility for 52 gold pieces
 15915 | D:11     | Found a staircase to the Lair.
 15951 | D:11     | Found Plog's Gadget Shoppe.
 16314 | D:11     | Found Edosaoce's Armour Boutique.
 16323 | D:11     | Bought a +0 pair of boots for 67 gold pieces
 16852 | Lair:1   | Entered Level 1 of the Lair of Beasts
 16852 | Lair:1   | Noticed Harold
 16858 | Lair:1   | Killed Harold
 17283 | Lair:1   | Found a large runed door.
 17284 | Lair:1   | Found a large runed door.
 17290 | Lair:1   | Noticed Voker57's ghost (novice DsGl)
 17317 | Lair:1   | Reached ***** piety under Sif Muna
 17330 | Lair:1   | Reached skill level 10 in Spellcasting
 17705 | Lair:1   | Identified Patasuti's Handbook of Confrontation (Sif Muna
                  | gifted it to you on level 1 of the Lair of Beasts)
 17705 | Lair:1   | Received a gift from Sif Muna
 17865 | Lair:1   | Reached skill level 1 in Invocations
 18034 | Lair:1   | Learned a level 3 spell: Stone Arrow
 18533 | Lair:2   | Reached skill level 1 in Earth Magic
 18811 | Lair:2   | Noticed Nergalle
 18988 | Lair:2   | Got a crude mace
 19021 | Lair:2   | Gained mutation: When hurt, damage is shared between your
                  | health and your magic reserves. [demonic ancestry]
 19021 | Lair:2   | Reached XP level 12. HP: 90/90 MP: 15/26
 19022 | Lair:2   | Quit the game

Vault maps used:
D:1:      dpeg_arrival_rhombi, minivault_4,
          hangedman_abyss_or_decor_lesser_grid, grunt_decor_cap
D:2:      minmay_general_purpose_star, chequers_ecumenical_altar_simple_redux,
          fedhas_altar_3, uniq_jessica
D:4:      marbit_many_paths, serial_shops, shop, first_ration
D:5:      old_standard_altar, kennysheep_mini
D:6:      kennysheep_little_box, nicolae_overflow_hidden_temple,
          nicolae_overflow_crystal_walls, kennysheep_mini_moat,
          ebering_dispersal_statue_hall, hangedman_decor_push,
          nicolae_alphabet_shops, minmay_holes
D:7:      minmay_temple_entry_fiery, uniq_pikel
D:8:      nicolae_whirlpool
D:9:      okawaru_altar_gauntlet_db, minitemple, grunt_ogre_cave, minivault_5
D:10:     zombieorc1_lemuel, hangedman_abyss_or_decor_passed,
          kennysheep_generic_room_11
D:11:     minmay_curly_fans, erik_lair_orcish_takeover, serial_shops,
          nicolae_shop_temple_entry_statues_fountains, shop, shop,
          nicolae_shop_behind_doors, grunt_decor_resistance
Temple:   minmay_temple_curvy_loop
Lair:1:   ebering_ghost_disaster_area, grunt_forest_large_clearing_hut,
          uniq_harold
Lair:2:   basic_altar, nicolae_quartered_pool_medium, roderic_carrion_pond,
          uniq_nergalle

Skill      XL: |  1  2  3  4  5  6  7  8  9 10 11 |
---------------+----------------------------------+-----
Conjurations   | 2 3 4 5 6 8 |  8.1
Fire Magic     | 3 4 5 6 7 |  7.7
Spellcasting   | 3 4 7 9 10 | 10.2
Evocations     | 3 6 |  6.0
Fighting       | 1 5 |  5.1
Dodging        | 4 |  4.8
Necromancy     | 3 4 |  4.1
Charms         | 3 4 |  4.0
Invocations    | 3 |  3.4
Earth Magic    | 1 |  1.9
Stealth        | |  1.7

Action                   |  1- 3 |  4- 6 |  7- 9 | 10-12 || total
-------------------------+-------+-------+-------+-------++-------
Melee: Unarmed           |     5 |       |       |       ||     5
       Club              |     6 |       |       |       ||     6
       Whip              |       |       |    15 |       ||    15
       Trident           |       |       |     4 |       ||     4
       Blowgun           |       |       |     6 |       ||     6
       Long sword        |       |       |       |    13 ||    13
 Fire: Blowgun           |       |    34 |    14 |    52 ||   100
 Cast: Flame Tongue      |    54 |   132 |   221 |   356 ||   763
       Sticky Flame      |       |       |    22 |    35 ||    57
       Conjure Flame     |       |       |     8 |    31 ||    39
       Stone Arrow       |       |       |       |    22 ||    22
       Fireball          |       |       |       |    13 ||    13
Invok: Divine Energy     |       |       |       |     1 ||     1
Evoke: Wand              |       |     1 |       |     6 ||     7
  Use: Potion            |     3 |     1 |       |       ||     4
       Scroll            |       |     4 |     4 |     7 ||    15
  Eat: Chunk             |     4 |    10 |    15 |    19 ||    48
       Ration            |       |       |     2 |     3 ||     5
Armor: Robe              |    17 |    16 |    47 |    43 ||   123
Dodge: Dodged            |    47 |    36 |   129 |   123 ||   335
       Rpst.: Long sword |       |       |       |     3 ||     3

Table legend:
 A = Non-vault XP
 B = Vault XP
 C = Vault XP percentage of total XP
 D = Non-vault monster count
 E = Vault monster count
 F = Vault count percentage of total count
                 A         B        C        D         E       F
            +---------+---------+-------+---------+---------+-------
      Total |   16405 |    5494 |  25.1 |     271 |      58 |  17.6
            +---------+---------+-------+---------+---------+-------
        D:1 |      85 |       0 |   0.0 |      25 |       0 |   0.0
        D:2 |     213 |      52 |  19.6 |      24 |       3 |  11.1
        D:3 |     106 |       0 |   0.0 |      20 |       0 |   0.0
        D:4 |     274 |       3 |   1.1 |      18 |       1 |   5.3
        D:5 |     649 |       0 |   0.0 |      20 |       0 |   0.0
        D:6 |     474 |       0 |   0.0 |       9 |       0 |   0.0
        D:7 |     652 |     629 |  49.1 |      11 |       1 |   8.3
        D:8 |    2398 |     328 |  12.0 |      37 |       3 |   7.5
        D:9 |    1365 |     161 |  10.6 |      23 |       7 |  23.3
       D:10 |    3999 |    1108 |  21.7 |      31 |      25 |  44.6
       D:11 |    1594 |     616 |  27.9 |      32 |       8 |  20.0
     Lair:1 |    3299 |    1877 |  36.3 |      14 |       4 |  22.2
     Lair:2 |    1297 |     720 |  35.7 |       7 |       6 |  46.2
            +---------+---------+-------+---------+---------+-------
